 Dungeon Crawl Stone Soup version 0.20-a0-432-g25cc1b4 (webtiles) character file.

355 hairmachine the Vexing (level 6, -3/28 HPs)
             Began as a Spriggan Enchanter on Jan 2, 2017.
             Slain by a bullfrog (9 damage)
             ... in a sewer.
             The game lasted 00:22:26 (6400 turns).

hairmachine the Vexing (Spriggan Enchanter)         Turns: 6400, Time: 00:22:26

Health: -3/28      AC:  2    Str:  4    XL:     6   Next: 36%
Magic:  17/22      EV: 18    Int: 19    God:
Gold:   185        SH:  0    Dex: 16    Spells: 1/13 levels left

rFire  . . .     SeeInvis +     a - +1 dagger
rCold  . . .     Gourm    .     b - +0 robe
rNeg   . . .     Faith    .     (shield restricted)
rPois  .         Spirit   .     (helmet restricted)
rElec  .         Reflect  .     (no cloak)
rCorr  .         Harm     .     (gloves unavailable)
MR     +....                    (boots unavailable)
Stlth  ++........               (no amulet)
                                (no ring)
                                j - ring of magical power {MP+9}

@: very quick
A: unfitting armour, see invisible, herbivore 3, speed 3, slow metabolism 2
a: no special abilities


You were in a sewer.
You were very hungry.

You visited 1 branch of the dungeon, and saw 4 of its levels.
You also visited: Sewer.

You collected 185 gold pieces.


Innate Abilities, Weirdness & Mutations

You are very small and have problems with some larger weapons.
You are too small for most types of armour.
You have supernaturally acute eyesight. (SInv)
You are a herbivore.
You cover ground extremely quickly.
You need consume almost no food.


   Skills:
 - Level 2.2 Short Blades
 - Level 3.0 Dodging
 + Level 6.3 Stealth
 + Level 4.4 Spellcasting
 * Level 6.6 Hexes


You had one spell level left.
You knew the following spells:

 Your Spells              Type           Power        Failure   Level  Hunger
a - Corona                Hex            ####...      1%          1    None
b - Dazzling Spray        Conj/Hex       ###...       12%         3    ###....
c - Tukima's Dance        Hex            ####....     2%          3    ###....
d - Confuse               Hex            ####....     2%          3    ###....
z - Ensorcelled Hibernat  Hex/Ice        ###...       8%          2    #......

Inventory:

Hand Weapons
 a - a +1 dagger (weapon)
 g - a +0 blowgun
   (You found it on level 2 of the Dungeon)
Missiles
 d - 17 stones (quivered)
Armour
 b - a +0 robe (worn)
Jewellery
 j - a ring of magical power (left hand) {MP+9}
   (You took it off a hobgoblin on level 1 of the Dungeon)
 t - an uncursed ring of see invisible {unknown}
   (You found it on level 4 of the Dungeon)
Wands
 k - a wand of digging (5/24)
   (You found it on level 2 of the Dungeon)
 s - a wand of lightning (7/15)
   (You found it on level 4 of the Dungeon)
Scrolls
 h - a scroll of magic mapping {!r, unknown}
 n - a scroll of enchant armour {!r, unknown}
 o - a scroll of remove curse {!r, unknown}
 p - 2 scrolls of recharging {!r, unknown}
 q - 2 scrolls of identify {!r}
 r - a scroll of amnesia {!r, unknown}
Potions
 e - 2 potions of heal wounds {!q}
 i - a potion of brilliance {!q}
 l - a potion of haste {!q, unknown}
 m - a potion of invisibility {!q, unknown}
Books
 c - a book of Maledictions

   Spells                             Type                      Level
   a - Corona                         Hexes                        1
   b - Ensorcelled Hibernation        Hexes/Ice                    2
   c - Confuse                        Hexes                        3
   d - Tukima's Dance                 Hexes                        3
   e - Dazzling Spray                 Conjuration/Hexes            3
Comestibles
 f - a slice of pizza
 u - a bread ration

Dungeon Overview and Level Annotations

Branches:
Dungeon (4/15)
 Temple: D:4-7

Altars:
Fedhas

##≈..≈≈####.≈S.≈≈..#≈...≈≈≈##
##≈≈≈≈###≈≈≈≈@FJ≈..≈##†≈#≈≈†≈#
#≈.≈≈##≈≈≈≈≈#######.≈#≈≈##.≈≈≈
##≈≈≈##≈≈≈≈###≈≈.≈.#≈≈##≈≈##≈≈≈
#≈≈≈≈#.≈≈≈##≈≈≈≈.S≈S..≈#≈≈.#≈†≈
#≈≈.##≈≈≈## ≈.≈≈≈≈≈.≈≈.#≈≈≈##.†
#≈≈.#≈≈≈.# ≈.≈.≈≈)l.≈≈#≈≈≈≈#≈≈
#≈≈†#≈≈≈≈# ≈.≈≈.[...≈≈#≈≈≈≈#≈≈
#≈≈≈#≈≈≈≈# ≈≈≈.!?$.†.≈#≈†.≈#≈≈
#≈≈≈##≈.≈## ≈≈≈≈≈..≈≈≈##≈≈≈##≈≈
#≈≈..#≈≈≈≈##≈≈≈≈≈.≈≈≈##.≈≈≈#≈.≈
##≈.≈##≈.≈≈###≈≈≈≈≈###†≈≈≈##≈≈≈
#≈≈≈≈##≈≈†.≈#######≈≈≈≈≈##≈≈≈≈
##≈≈≈≈###≈≈≈≈.≈≈≈..≈≈≈###≈≈≈≈#
##≈.≈.≈####.≈≈≈.≈≈####.≈≈≈≈##
##≈≈≈≈≈≈≈#########≈≈≈≈≈≈.##
####≈.†≈≈≈≈≈≈≈≈≈≈≈.≈≈####


You could see a bullfrog, an ooze and an adder.


Message History

Moving in this stuff is going to be slow.
An adder comes into view.
You enter the shallow water.
Moving in this stuff is going to be slow.
You enter the shallow water.
Moving in this stuff is going to be slow.
You hit the adder.
The adder is moderately wounded.
The adder misses you.
You barely miss the adder.
The adder is moderately wounded.
The adder bites you. The adder barely misses you.
Damage: -14%(-4hp) hp: 86%(24hp)
You barely miss the adder.
The adder is moderately wounded.
The adder completely misses you.
You hit the adder.
The adder is heavily wounded.
The adder bites you.
You are poisoned.
The adder poisons you!
Damage: -14%(-4hp) hp: 72%(20hp)
Casting: Ensorcelled Hibernation
Confirm with . or Enter, or press ? or * to list all spells.
Aiming: Ensorcelled Hibernation
Press: ? - help, Shift-Dir - straight line, f - adder
Aim: an adder (heavily wounded, chance to defeat MR: 55%)
The adder looks drowsy...
You feel sick.
Damage: -4%(-1hp) hp: 68%(19hp)
The helpless adder fails to defend itself.
You impale the adder!!
You kill the adder!
You enter the shallow water.
Moving in this stuff is going to be slow.
An adder comes into view.
You feel sick.
Damage: -4%(-1hp) hp: 68%(19hp)
You start resting.
You feel sick.
Magic restored.
You feel sick.
You are no longer poisoned.
Damage: -7%(-2hp) hp: 61%(17hp)
You start resting.
HP restored.
An ooze comes into view.
Found five items.
You enter the shallow water.
Moving in this stuff is going to be slow.
A leopard gecko and an adder come into view.
The ooze quivers.
The leopard gecko hisses angrily.
The adder moves out of view.
A bullfrog comes into view.
The helpless adder fails to defend itself.
You impale the adder!!
You kill the adder!
The bullfrog croaks.
You enter the shallow water.
Moving in this stuff is going to be slow.
The adder hisses angrily.
The bullfrog hits you.
Huge Dmg: -21%(-6hp) hp: 79%(22hp)
The bullfrog misses you. The bullfrog closely misses you.
Casting: Ensorcelled Hibernation
Confirm with . or Enter, or press ? or * to list all spells.
Aiming: Ensorcelled Hibernation
Press: ? - help, Shift-Dir - straight line, f - bullfrog
Aim: a bullfrog (chance to defeat MR: 47%)
The bullfrog resists with some effort.
The bullfrog completely misses you.
Casting: Ensorcelled Hibernation
Confirm with . or Enter, or press ? or * to list all spells.
Aiming: Ensorcelled Hibernation
Press: ? - help, Shift-Dir - straight line, f/p - bullfrog
Aim: a bullfrog (chance to defeat MR: 47%)
The bullfrog resists with some effort.
The bullfrog hits you!
* * * LOW HITPOINT WARNING * * *
The adder completely misses you.
Huge Dmg: -33%(-9hp) hp: 50%(14hp)
You enter the shallow water.
Moving in this stuff is going to be slow.
The bullfrog hits you.
* * * LOW HITPOINT WARNING * * *
Damage: -3%(-1hp) hp: 47%(13hp)
The adder barely misses you. The bullfrog hits you.
* * * LOW HITPOINT WARNING * * *
The adder barely misses you.
Damage: -4%(-1hp) hp: 43%(12hp)
The bullfrog hits you.
* * * LOW HITPOINT WARNING * * *
Huge Dmg: -21%(-6hp) hp: 22%(6hp)
Casting: Ensorcelled Hibernation
Confirm with . or Enter, or press ? or * to list all spells.
Aiming: Ensorcelled Hibernation
Press: ? - help, Shift-Dir - straight line, f/p - bullfrog
Aim: a bullfrog (chance to defeat MR: 47%)
The bullfrog resists with some effort.
The bullfrog hits you!
You die...

Vault maps used:
D:1:      mrwooster_arrival_arrow
D:4:      lemuel_round_altar, first_bread, portal_sewer_entry_d
Sewer:    sewer_frog_island_02

Notes
Turn   | Place    | Note
-------+----------+-------------------------------------------
     0 | D:1      | hairmachine the Spriggan Enchanter began the quest for the Orb.
     0 | D:1      | Reached XP level 1. HP: 9/9 MP: 5/5
   855 | D:1      | Reached XP level 2. HP: 13/13 MP: 6/6
   859 | D:1      | Learned a level 2 spell: Ensorcelled Hibernation
  2284 | D:2      | Reached XP level 3. HP: 16/16 MP: 5/8
  2314 | D:2      | Learned a level 3 spell: Dazzling Spray
  3178 | D:3      | Reached XP level 4. HP: 15/21 MP: 4/9
  3286 | D:3      | Learned a level 3 spell: Tukima's Dance
  3323 | D:3      | Reached skill level 5 in Stealth
  3524 | D:3      | Reached skill level 5 in Hexes
  4371 | D:4      | Reached XP level 5. HP: 24/24 MP: 11/11
  4664 | D:4      | Found a blossoming altar of Fedhas.
  4755 | D:4      | Learned a level 3 spell: Confuse
  5209 | D:4      | Found a glowing drain.
  5262 | Sewer    | Entered a sewer
  5725 | Sewer    | Reached XP level 6. HP: 28/28 MP: 13/13
  6400 | Sewer    | Slain by a bullfrog

Vanquished Creatures
  A scorpion (D:4)
  An iguana (D:4)
  A worker ant (D:4)
  10 adders
  11 oozes (Sewer)
  A worm (D:4)
  A dart slug (D:2)
  6 leopard geckos
  An orc (D:3)
  9 bats
  7 giant cockroaches
  3 goblins
  10 hobgoblins
  8 jackals
  15 ball pythons
  16 frilled lizards
  A jackal skeleton (D:3)
  7 kobolds
  A leopard gecko skeleton (D:4)
  9 rats
119 creatures vanquished.

Action                   |  1- 3 |  4- 6 || total
-------------------------+-------+-------++-------
Melee: Dagger            |    99 |   268 ||   367
Throw: Stone             |       |    32 ||    32
 Cast: Corona            |     5 |       ||     5
       Ensorcelled Hiber |    39 |    44 ||    83
  Use: Scroll            |       |     3 ||     3
 Stab: Sleeping          |    29 |    39 ||    68
  Eat: Bread ration      |     1 |       ||     1
Armor: Robe              |     8 |    37 ||    45
Dodge: Dodged            |    87 |   237 ||   324

Skill      XL: |  1  2  3  4  5 |
---------------+----------------+-----
Hexes          | 4 5 6 |  6.6
Short Blades   | 2 |  2.2
Spellcasting   | 3 4 |  4.4
Stealth        | 5 6 |  6.3
Dodging        | |  3.0
